Map: Cerulean Fall LE

Players

Bunny - Winner!

  • Race: Terran Terran
  • League: Bronze
  • Spawn Location: 7:00

soO

  • Race: Zerg Zerg
  • Spawn Location: 1:00

Event: IEM Season 13 - Katowice Server Qualifiers Asia 1

VOD

Have the link to the VOD?

Description

Time

  • Played on: Jan. 14, 2019, 5:24 a.m.
  • Length: 9:19

All games in this series

Show
View Real Time Build Order
Export as new Build Order

Bunny Terran - Winner!

Build Orders: Liberator Opening, Reaper Expand 

Get SALT Encoding   

  12  0:00  SCV  
  13  0:12  SCV  
  14  0:17  Supply Depot  
  14  0:25  SCV  
  15  0:39  SCV  
  15  0:40  Barracks  
  16  0:45  Refinery  
  16  0:51  SCV  
  17  1:03  SCV  
  18  1:15  SCV  
  19  1:27  Orbital Command  
  19  1:28  Reaper  
  20  1:41  Command Center  
  20  1:52  SCV, Supply Depot  
  21  2:00  Marine  
  22  2:04  SCV  
  23  2:10  Factory  
  23  2:17  SCV  
  23  2:19  Refinery  
  24  2:23  Barracks Reactor  
  24  2:29  SCV  
  25  2:41  SCV  
  26  2:52  Orbital Command  
  26  2:53  SCV  
  26  2:56  Starport  
  27  3:03  Hellion x2  
  27  3:05  SCV  
  32  3:08  Barracks Tech Lab  
  32  3:17  SCV  
  32  3:18  SCV  
  34  3:20  Supply Depot  
  34  3:24  Hellion x2  
  34  3:25  Liberator  
  38  3:29  SCV  
  38  3:30  SCV  
  40  3:41  SCV  
  40  3:42  SCV  
  40  3:46  Hellion  
  40  3:47  Marine  
  48  3:49  Supply Depot  
  48  3:50  Hellion  
  48  3:53  SCV  
  48  3:54  SCV  
  52  4:05  SCV  
  52  4:06  SCV  
  54  4:12  Command Center  
  54  4:18  SCV  
  54  4:19  SCV  
  54  4:23  Supply Depot  
  57  4:31  SCV x2  
  57  4:33  Barracks x2, Stimpack  
  57  4:36  Marine  
  59  4:38  Factory Reactor  
  59  4:43  Starport Reactor, SCV x2  
  61  4:48  Engineering Bay  
  61  4:52  Engineering Bay  
  61  4:55  SCV x2  
  63  5:02  Refinery x2  
  63  5:03  Marine  
  64  5:09  SCV  
  64  5:10  SCV  
  66  5:20  Medivac x2  
  70  5:24  Marine x3, Factory Tech Lab  
  70  5:26  Terran Infantry Weapons Level 1  
  70  5:27  Orbital Command, Terran Infantry Armor Level 1  
  73  5:30  Marine x2  
  73  5:32  SCV  
  73  5:33  SCV  
  77  5:42  Marine x3  
  80  5:43  Siege Tank  
  80  5:47  Marine  
  80  5:48  Marine  
  78  5:53  Medivac  
  78  5:55  SCV x2, Orbital Command  
  76  5:59  Marine, Supply Depot x2  
  76  6:00  Supply Depot  
  77  6:09  Supply Depot  
  76  6:19  Supply Depot  
  76  6:20  Marine x4  
  76  6:21  Marine, Supply Depot, Medivac  
  76  6:22  Supply Depot, Siege Tank  
  76  6:23  SCV, Supply Depot  
  76  6:24  SCV  
  76  6:25  SCV  
  89  6:34  Combat Shield  
  89  6:37  SCV x3  
  89  6:38  Marine, Armory  
  93  6:40  Marine x2  
  93  6:41  Marine  
  93  6:46  Marauder  
  97  6:52  Barracks  
  97  6:53  Barracks  
  97  6:54  Siege Tank  
  97  6:58  SCV x3  
  103  7:02  Marine x3  
  103  7:03  Marine  
  107  7:13  Supply Depot x2  
  107  7:20  Marine x2, Marauder  
  110  7:27  Marine x2  
  112  7:30  Siege Tank  
  112  7:34  Refinery  
  112  7:35  Bunker  
  111  7:38  Marine x2  
  111  7:41  Marine  
  112  7:45  Marine, Barracks Tech Lab, Barracks Reactor  
  112  7:46  SCV x3  
  112  7:48  Command Center  
  112  7:50  Marine, Supply Depot  
  117  7:56  Marine  
  117  7:58  Marine  
  119  7:59  Marine  
  120  8:09  Marauder  
  120  8:10  Marine x2  
  120  8:11  Medivac x2  
  128  8:13  Concussive Shells, Marine  
  128  8:16  SCV x3, Supply Depot  
  128  8:17  Marauder, Supply Depot  
  134  8:21  Marine x2  
  136  8:28  Siege Tank  
  136  8:29  Marine x2  
  141  8:40  Sensor Tower  
  141  8:41  Supply Depot x2  
  139  8:42  Marine x4, Marauder x2, Missile Turret  
  139  8:47  Marine  
  148  8:49  Medivac  
  148  8:51  Marine  
  151  8:58  SCV x3  
  151  8:59  Marine  
  151  9:00  Marine x2  
Show
View Real Time Build Order
Export as new Build Order

soO Zerg 

Build Orders: Hatch First 

Get SALT Encoding   

  12  0:00  Drone  
  13  0:12  Overlord  
  13  0:17  Drone  
  14  0:30  Drone x2  
  14  0:34  Drone  
  17  0:51  Hatchery  
  17  0:55  Drone  
  17  0:58  Drone  
  18  1:10  Extractor  
  17  1:13  Spawning Pool  
  17  1:16  Drone  
  17  1:20  Drone  
  18  1:27  Drone  
  19  1:39  Overlord  
  19  1:50  Drone  
  20  1:59  Queen  
  20  2:00  Zergling x2  
  23  2:03  Queen  
  23  2:04  Zergling x2  
  26  2:09  Metabolic Boost  
  26  2:13  Drone  
  26  2:14  Drone  
  28  2:27  Drone  
  28  2:28  Drone  
  30  2:35  Queen, Overlord  
  32  2:42  Drone  
  33  2:44  Drone  
  33  2:49  Drone  
  35  2:55  Drone  
  36  3:02  Drone  
  36  3:05  Drone  
  38  3:09  Drone x2  
  38  3:10  Drone  
  38  3:12  Hatchery  
  40  3:15  Queen  
  40  3:19  Overlord  
  42  3:24  Drone x2  
  44  3:40  Drone x4  
  48  3:43  Drone  
  48  3:46  Overlord  
  48  3:51  Queen  
  48  3:54  Roach Warren  
  49  3:57  Lair  
  49  3:58  Drone x2  
  49  4:00  Extractor  
  49  4:02  Extractor, Zergling x2  
  50  4:04  Overlord  
  50  4:05  Zergling x2  
  50  4:09  Zergling x2  
  52  4:12  Drone  
  52  4:16  Drone x2  
  55  4:23  Drone x2  
  57  4:25  Queen  
  57  4:26  Drone  
  57  4:29  Spore Crawler  
  59  4:31  Drone  
  59  4:37  Roach x4  
  68  4:39  Roach  
  68  4:41  Drone  
  71  4:54  Drone x2  
  71  4:55  Overlord x2  
  71  4:56  Glial Reconstitution  
  71  4:58  Overseer  
  73  5:06  Overlord  
  73  5:13  Drone  
  73  5:14  Drone x2  
  73  5:17  Drone x5  
  73  5:20  Drone x3  
  79  5:26  Drone  
  79  5:27  Drone x2  
  82  5:28  Drone  
  82  5:29  Drone  
  82  5:34  Drone  
  85  5:40  Drone x5  
  90  5:46  Drone  
  90  5:47  Drone x3  
  87  5:53  Drone  
  87  5:54  Drone x2  
  87  5:56  Evolution Chamber  
  87  5:58  Evolution Chamber, Drone x2  
  87  6:01  Drone  
  89  6:09  Drone  
  89  6:10  Extractor  
  89  6:11  Extractor x2  
  87  6:16  Roach x5  
  97  6:23  Zerg Missile Weapons Level 1, Zerg Ground Armor Level 1  
  97  6:26  Overlord  
  97  6:28  Drone  
  97  6:30  Overlord  
  98  6:33  Overlord  
  98  6:41  Overlord  
  96  6:47  Hatchery  
  96  6:49  Drone x3  
  96  6:50  Drone x2  
  102  6:54  Roach x6  
  102  6:56  Roach  
  114  7:06  Roach x5  
  114  7:07  Roach  
  126  7:11  Overlord  
  114  7:34  Drone x4  
  114  7:35  Drone  
  118  7:39  Roach  
  118  7:40  Roach x8  
  134  7:46  Roach  
  136  7:52  Overlord  
  136  7:53  Overlord  
  136  7:58  Overlord  
  136  7:59  Overlord  
  133  8:06  Roach x5  
  143  8:16  Ravager x9  
  143  8:17  Roach  
  143  8:18  Roach x5  
  164  8:22  Roach x2  
  164  8:25  Ravager  
  169  8:27  Roach x3  
  173  8:37  Roach  
  173  8:39  Overlord  
  175  8:44  Overlord  
  175  8:46  Overlord  
  175  8:47  Roach x2  
  174  8:55  Overlord  
  174  8:57  Roach  

Tags
 
Add a new tag
Caveats
  • Supply blocks, unpowered buildings, or Contaminate may cause inaccurate times.
  • Supply counts are checked every 10 seconds.